 Dungeon Crawl Stone Soup version 0.21.1-1-g345015fe64 (webtiles) character file.

202 IceCat the Shield-Bearer (level 5, -8/33 HPs)
             Began as a Gargoyle Fighter on July 26, 2018.
             Mangled by an ogre
             ... wielding a +0 giant club
              (11 damage)
             ... on level 4 of the Dungeon.
             The game lasted 00:09:10 (2621 turns).

IceCat the Shield-Bearer (Gargoyle Fighter)         Turns: 2621, Time: 00:09:10

Health: -8/33      AC: 16    Str: 21    XL:     5   Next: 80%
Magic:  5/5        EV:  5    Int:  8    God:
Gold:   183        SH:  9    Dex:  9    Spells: 4/4 levels left

rFire    . . .     SeeInvis .   a - +0 long sword
rCold    . . .     Gourm    .   c - +0 shield
rNeg     + . .     Faith    .   p - +0 plate armour
rPois    ∞         Spirit   .   l - +0 helmet
rElec    +         Reflect  .   (no cloak)
rCorr    .         Harm     .   (no gloves)
MR       .....                  (no boots)
Stlth    ..........             (no amulet)
HPRegen  0.11/turn              (no ring)
MPRegen  0.09/turn              (no ring)

@: no status effects
A: claws 1, negative energy resistance 1, electricity resistance, unbreathing,
petrification resistance, rot immunity, MP-powered wands, sturdy frame 1, AC +4
a: no special abilities


You were on level 4 of the Dungeon.
You were not hungry.

You visited 1 branch of the dungeon, and saw 4 of its levels.

You collected 183 gold pieces.

Inventory:

Hand Weapons
 a - a +0 long sword (weapon)
Armour
 b - a +0 scale mail
 c - a +0 shield (worn)
 l - a +0 helmet (worn)
 p - a +0 plate armour (worn)
Scrolls
 e - 5 scrolls of identify {unknown}
 g - 4 scrolls of remove curse {unknown}
 h - a scroll of amnesia {unknown}
 i - 3 scrolls of teleportation {unknown}
 n - 2 scrolls of magic mapping {unknown}
 o - a scroll of enchant weapon {unknown}
 r - a scroll of enchant armour {unknown}
 t - a scroll of fog {unknown}
Potions
 d - a potion of might
 j - a potion of flight
 m - 2 potions of curing {unknown}
 q - a potion of magic {unknown}
 s - a potion of agility {unknown}
Comestibles
 f - 9 rations


   Skills:
 + Level 3.9 Fighting
 + Level 3.6 Long Blades
 + Level 3.7 Armour
 + Level 0.8 Dodging
 + Level 4.7 Shields


You had 4 spell levels left.
You didn't know any spells.

Dungeon Overview and Level Annotations

Branches:
Dungeon (4/15)             Temple (0/1) D:4

Altars:
Yredelemnul

Annotations:
D:4 brittlin's ghost, amateur HOFi


Innate Abilities, Weirdness & Mutations

You are resistant to torment.
Your stone body is resilient. (AC +4)
You are immune to poison.
You resist negative energy. (rN+)
You are resistant to electric shocks. (rElec)
You can survive without breathing.
You are immune to petrification.
You are immune to rotting.
You have sharp fingernails.
You expend magic power (3 MP) to strengthen your wands.
Your movements are slightly less encumbered by armour. (ER -2)


Message History

Brittlin's ghost hits you.
* * * LOW HITPOINT WARNING * * *
You barely miss brittlin's ghost.
Brittlin's ghost is lightly damaged.
Brittlin's ghost says, "I used to walk on water.
Now I just fly over it."
You block brittlin's ghost's attack.
Your plate armour prevents you from hitting brittlin's ghost.
Brittlin's ghost is lightly damaged.
Brittlin's ghost hits you but does no damage.
You hit brittlin's ghost but do no damage.
Brittlin's ghost is lightly damaged.
Brittlin's ghost barely misses you.
Brittlin's ghost hits you but does no damage.
You hit brittlin's ghost but do no damage.
Brittlin's ghost is lightly damaged.
The ogre hits you but does no damage. You block brittlin's ghost's attack.
You hit brittlin's ghost.
Brittlin's ghost is lightly damaged.
The ogre hits you with a giant club!
You die...

##........≈≈≈≈≈≈≈≈
##......≈≈≈≈≈≈≈≈≈
##.....≈≈≈≈≈≈...
##....≈≈≈≈≈≈.>.
##...≈≈≈≈≈≈...
##...≈≈≈≈≈≈≈≈
##....≈≈≈≈≈≈
#######O.....≈≈≈≈
#.....@W.........
#........#####..#
#........#####.####
#...................
#.#........####...###.
# #..........#........
#........#.#........
#................##.
#########.#........


You could see an ogre and brittlin's ghost.

Vanquished Creatures
  Jessica (D:3)
  A worker ant (D:4)
  A worker ant zombie (D:3)
  Robin (D:3)
  6 adders
  A dart slug (D:1)
  A worm (D:2)
  A leopard gecko (D:2)
  An orc (D:3)
  4 giant cockroaches
  15 goblins
  7 hobgoblins
  8 jackals
  2 quokkas
  3 bats
  3 frilled lizards
  9 kobolds
  A rat (D:3)
66 creatures vanquished.

Notes
Turn   | Place    | Note
-------+----------+-------------------------------------------
     0 | D:1      | IceCat the Gargoyle Fighter began the quest for the Orb.
     0 | D:1      | Reached XP level 1. HP: 14/14 MP: 1/1
   152 | D:1      | Reached XP level 2. HP: 18/19 MP: 2/2
   634 | D:2      | Found a basalt altar of Yredelemnul.
   700 | D:2      | Reached XP level 3. HP: 19/23 MP: 3/3
  1219 | D:3      | Noticed Robin
  1444 | D:2      | Gained mutation: Your movements are slightly less encumbered by armour. (ER -2) [potion of mutation]
  1444 | D:2      | Gained mutation: You expend magic power (3 MP) to strengthen your wands. [potion of mutation]
  1444 | D:2      | Gained mutation: You have sharp fingernails. [potion of mutation]
  1447 | D:2      | Reached XP level 4. HP: 4/28 MP: 4/4
  1718 | D:3      | Killed Robin
  1718 | D:3      | Reached skill level 4 in Shields
  1781 | D:3      | Noticed Jessica
  1794 | D:3      | Killed Jessica
  1835 | D:3      | Reached XP level 5. HP: 28/33 MP: 5/5
  2558 | D:4      | Found a staircase to the Ecumenical Temple.
  2605 | D:4      | Noticed brittlin's ghost (amateur HOFi)
  2615 | D:4      | Noticed an ogre
  2621 | D:4      | Mangled by an ogre

Skill      XL: |  1  2  3  4 |
---------------+-------------+-----
Long Blades    | 2 3 |  3.6
Shields        | 4 |  4.7
Fighting       | |  3.9
Armour         | |  3.7
Dodging        | |  0.8

Action                   |  1- 3 |  4- 6 || total
-------------------------+-------+-------++-------
Melee: Long sword        |   137 |   178 ||   315
  Use: Potion            |     2 |     1 ||     3
  Eat: Chunk             |     2 |     4 ||     6
Armor: Scale mail        |    89 |    44 ||   133
       Plate armour      |       |    87 ||    87
Dodge: Dodged            |    60 |    46 ||   106
Block: Shield            |   119 |   104 ||   223
       Rpst.: Long sword |    18 |    16 ||    34
